 Dungeon Crawl Stone Soup version 0.18.1-1-g2f07953 (webtiles) character file.

80 aurelian the Conjurer (level 4, -8/24 HPs)
             Began as a Tengu Conjurer on May 22, 2016.
             Mangled by Grinder (10 damage)
             ... while paralysed by Grinder
             ... on level 3 of the Dungeon.
             The game lasted 00:04:09 (2485 turns).

aurelian the Conjurer (Tengu Conjurer)              Turns: 2485, Time: 00:04:10

Health: -8/24      AC:  2    Str:  8    XL:     4   Next: 39%
Magic:  9/9        EV:  2    Int: 16    God:
Gold:   207        SH:  0    Dex: 15    Spells: 2 memorised, 6 levels left

rFire  . . .     SeeInvis .     (no weapon)
rCold  . . .     Gourm    .     a - +0 robe
rNeg   . . .     Faith    .     (no shield)
rPois  .         Spirit   .     (helmet restricted)
rElec  .         Dismiss  .     (no cloak)
rCorr  .         Reflect  .     (no gloves)
SustAt .         Harm     .     (boots unavailable)
MR     .....                    (no amulet)
Stlth  ++........               (no ring)
                                (no ring)

@: paralysed, not resistant to hostile enchantments, unstealthy
A: beak, talons 3
a: no special abilities


You were on level 3 of the Dungeon.
You were not hungry.

You visited 1 branch of the dungeon, and saw 3 of its levels.

You collected 207 gold pieces.

Inventory:

Hand Weapons
 h - a +0 club
 j - a +0 hunting sling
 n - a +0 broad axe
Missiles
 i - 82 stones (quivered)
Armour
 a - a +0 robe (worn)
Scrolls
 e - a scroll of remove curse {unknown}
 f - 2 scrolls of random uselessness {unknown}
 k - 3 scrolls of amnesia {unknown}
 l - 3 scrolls of identify {unknown}
 m - a scroll of magic mapping {unknown}
 o - a scroll of teleportation {unknown}
 s - a scroll of immolation {unknown}
 t - a scroll of enchant weapon {unknown}
Potions
 d - a potion of degeneration {unknown}
 q - a potion of might {unknown}
 r - a potion of invisibility {unknown}
Books
 b - a book of Conjurations

   Spells                             Type                      Level
   a - Magic Dart                     Conjuration                  1
   b - Searing Ray                    Conjuration                  2
   c - Dazzling Spray                 Conjuration/Hexes            3
   d - Fulminant Prism                Conjuration/Hexes            4
   e - Iskenderun's Mystic Blast      Conjuration                  4
   f - Iskenderun's Battlesphere      Conjuration/Charms           5
 p - a book of Burglary

   Spells                             Type                      Level
   a - Swiftness                      Charms/Air                   2
   b - Passwall                       Transmutation/Earth          2
   c - Passage of Golubria            Translocation                4
   d - Lee's Rapid Deconstruction     Earth                        5
   e - Darkness                       Hexes                        6
   f - Invisibility                   Hexes                        6
Comestibles
 c - a bread ration
 g - 2 slices of pizza
 u - a meat ration
 v - 4 chunks of flesh


   Skills:
 - Level 2.1 Dodging
 - Level 2.0 Stealth
 + Level 3.2 Spellcasting
 + Level 6.5 Conjurations


You had 6 spell levels left.
You knew the following spells:

 Your Spells              Type           Power        Failure   Level  Hunger
a - Magic Dart            Conj           ###.         1%          1    None
b - Searing Ray           Conj           ###...       1%          2    ##.....


Dungeon Overview and Level Annotations

Branches:
Dungeon (3/15)

Altars:
Gozag

Annotations:
D:3 Grinder; wxf's ghost, amateur MiFi


Innate Abilities, Weirdness & Mutations

You have a beak for a mouth.
You have claws for feet.


Message History

Grinder shouts!
Grinder is too close now for your liking.
A kobold and Grinder come into view.
You see here 13 gold pieces.
You now have 207 gold pieces (gained 13).
Grinder gestures at you. Pain shoots through your body!
The kobold shouts!
An adder comes into view.
Grinder blinks!
Grinder gestures at you.
You suddenly lose the ability to move!
The bat hits you but does no damage. The bat hits you but does no damage.
Grinder hits you!
You writhe in agony. x2
The bat hits you but does no damage. Grinder hits you.
You writhe in agony.
* * * LOW HITPOINT WARNING * * *
The bat completely misses you. The adder bites you.
* * * LOW HITPOINT WARNING * * *
Grinder hits you!
You die...

#...... ####...... ..#......
#.##'#### #.##.#
###################....####
...........................
..................รท........
#.........b@................
#.........S5................
#........K................##
#.........................#
#...(..................<..#
#.........................#
#............[......(..)..#
#.........................#
#.........................#


You could see Grinder, an adder, a bat and a kobold.

Vanquished Creatures
  4 adders
  2 worms
  A dart slug (D:3)
  2 giant geckos (D:1)
  2 giant cockroaches (D:2)
  4 hobgoblins
  2 jackals (D:3)
  2 ball pythons
  8 bats
  2 giant newts (D:1)
  2 goblins (D:1)
  2 kobolds (D:1)
  5 rats
38 creatures vanquished.

Notes
Turn   | Place    | Note
--------------------------------------------------------------
     0 | D:1      | aurelian the Tengu Conjurer began the quest for the Orb.
     0 | D:1      | Reached XP level 1. HP: 10/10 MP: 4/4
   344 | D:1      | Reached XP level 2. HP: 15/15 MP: 3/6
  1279 | D:1      | Learned a level 2 spell: Searing Ray
  1372 | D:2      | Reached XP level 3. HP: 13/19 MP: 2/8
  1627 | D:2      | Reached skill level 6 in Conjurations
  1850 | D:2      | Reached XP level 4. HP: 24/24 MP: 6/9
  2001 | D:3      | Noticed wxf's ghost (amateur MiFi)
  2043 | D:3      | Found an opulent altar of Gozag.
  2194 | D:3      | Noticed Grinder
  2278 | D:3      | Paralysed by Grinder for 4 turns
  2481 | D:3      | Paralysed by Grinder for 7 turns
  2485 | D:3      | Mangled by Grinder

Skill      XL: |  1  2  3 |
---------------+----------+-----
Conjurations   | 6 |  6.5
Spellcasting   | 3 |  3.2
Dodging        | |  2.1
Stealth        | |  2.0

Action                   |  1- 3 |  4- 6 || total
-------------------------+-------+-------++-------
 Cast: Magic Dart        |    48 |    26 ||    74
       Searing Ray       |     3 |     3 ||     6
  Eat: Chunk             |     3 |     2 ||     5
Armor: Robe              |    12 |     4 ||    16
Dodge: Dodged            |    17 |     5 ||    22
